AoeStats
← F e m t o

Fortress

510766287Analyzed
1v1 RM · 22h ago on Oct 2, 2026· 66m 26s· 2 players
Game mode
Random Map
Map size
Small (3 player)
Population
200
Speed
Normal
Resources
Standard
Victory
Conquest
Starting age
Dark Age
Ending age
Imperial Age
RankedLock teamsTeams togetherTeam positionsShared explorationLock speedFull tech treeHidden civsTurbo modeCheats
Victory
Defeat
🇨🇱 Saxons · Chile
913
+17
🇨🇦 Khmer · Canada
945
-17
F e m t o
6:35 Feudal Age
7:03 Loom
7:15 Horse Collar
9:05 Double-Bit Axe
13:09 Castle Age
11:50 Scale Mail Armor
13:17 Stone Mining
14:23 Town Watch
14:51 Squires
18:12 Heavy Plow
18:04 Arson
19:41 Wheelbarrow
21:17 Chain Mail Armor
22:02 Gold Mining
23:07 Hand Cart
24:45 Gold Shaft Mining
24:06 Clerical Recruitment
27:17 Fletching
27:09 Pikeman
30:23 Imperial Age
29:28 Bodkin Arrow
29:44 Forging
30:04 Ballistics
31:37 Elite Varangian Guard
33:10 Block Printing
33:47 Masonry
34:34 Conscription
36:14 Fortified Wall
36:54 Illumination
38:00 Theocracy
39:39 Sanctity
39:29 Redemption
39:50 Halberdier
40:42 Guilds
40:17 Man-at-Arms
40:42 Gambesons
46:54 Chemistry
46:00 Siege Engineers
48:00 Plate Mail Armor
48:06 Iron Casting
50:31 Bracer
53:34 Architecture
53:41 Hoardings
53:27 Conscription
57:04 Devotion
65:00 Guard Tower
65:12 Murder Holes
SizzlingReefer
9:42 Feudal Age
12:23 Castle Age
12:16 Horse Collar
12:36 Loom
13:03 Heavy Plow
12:50 Double-Bit Axe
14:12 Bow Saw
15:56 Wheelbarrow
16:05 Man-at-Arms
17:03 Stone Mining
17:21 Fletching
18:29 Loom
19:08 Scale Mail Armor
21:59 Hand Cart
22:21 Gold Mining
22:30 Town Watch
24:08 Long Swordsman
25:03 Padded Archer Armor
25:16 Forging
29:11 Imperial Age
28:24 Bodkin Arrow
29:05 Iron Casting
30:10 Capped Ram
31:51 Chain Mail Armor
31:45 Scale Barding Armor
31:55 Bracer
33:57 Siege Engineers
34:53 Chemistry
35:48 Two-Handed Swordsman
36:04 Light Cavalry
37:06 Bloodlines
36:57 Husbandry
36:37 Elite Ballista Elephant
37:19 Double Crossbow
37:40 Conscription
37:55 Ballistics
37:46 Masonry
40:49 Blast Furnace
41:47 Elite Skirmisher
42:12 Hussar
45:09 Chain Barding Armor
54:36 Plate Barding Armor
54:17 Leather Archer Armor
53:36 Cavalier
56:46 Ring Archer Armor
Connection lost

Rejoining the realm…

Still unreachable

The connection could not be restored.

Session expired

The server has moved on; the page needs a fresh start.